 Dungeon Crawl Stone Soup version 0.25-a0-399-gcf1075a (webtiles) character file.

Game seed: 2869525536944271902, levelgen mode: deterministic

18379 Birdy the Covert (level 12, -10/145 HPs)
             Began as a Centaur Necromancer on Jan 8, 2020.
             Was a High Priest of Wu Jian.
             Killed from afar by an ogre mage (16 damage)
             ... with a bolt of cold
             ... in a volcano.
             The game lasted 00:40:53 (13771 turns).

Birdy the Covert (Centaur Necromancer)             Turns: 13771, Time: 00:40:54

Health: -10/145    AC: 10    Str: 26    XL:     12   Next: 27%
Magic:  0/22       EV: 16    Int: 11    God:    Wu Jian [*****.]
Gold:   370        SH:  0    Dex: 17    Spells: 21/25 levels left

rFire    . . .     SeeInvis .   B - +8 rapier of Suicidal Tendencies {flame, Str+8 Int-3}
rCold    . . .     Gourm    .   (no shield)
rNeg     + + .     Faith    .   J - +1 leather armour of Jagaa {+Blink rN++ MR- Str+2}
rPois    .         Spirit   +   (no helmet)
rElec    .         Reflect  .   E - +1 cloak
rCorr    .         Harm     .   H - +2 pair of gloves
MR       .....                  (no barding)
Stlth    ..........             m - amulet of guardian spirit
HPRegen  0.34/turn              d - +4 ring of evasion
MPRegen  0.18/turn              w - +2 ring of dexterity

@: mighty, berserking, very quick
A: large, hooves 3, deformed body, speed 2, tough skin 3
a: Wall Jump, Serpent's Lash, Heavenly Storm, Renounce Religion, Evoke Blink


You were in a volcano.
You worshipped Wu Jian.
Wu Jian was extremely pleased with you.
You were very hungry.

You visited 2 branches of the dungeon, and saw 11 of its levels.
You also visited: Ossuary and Volcano.

You collected 715 gold pieces.
You spent 345 gold pieces at shops.

Inventory:

Hand Weapons
 e - a +1 dagger of venom
 f - a +3 dagger of draining
 B - the +8 rapier of Suicidal Tendencies (weapon) {flame, Str+8 Int-3}
   (You found it on level 8 of the Dungeon)

   It has been specially enchanted to burn those struck by it, causing extra
   injury to most foes and up to half again as much damage against particularly
   susceptible opponents.
   It affects your strength (+8).
   It affects your intelligence (-3).
Missiles
 i - 4 curare-tipped darts (quivered)
Armour
 E - a +1 cloak (worn)
 H - a +2 pair of gloves (worn)
 J - the +1 leather armour of Jagaa (worn) {+Blink rN++ MR- Str+2}
   (You bought it in a shop on level 9 of the Dungeon)

   It affects your strength (+2).
   It greatly protects you from negative energy.
   It affects your resistance to hostile enchantments.
   It lets you blink.
Jewellery
 d - a +4 ring of evasion (left hand)
 m - an amulet of guardian spirit (around neck)
 p - an uncursed ring of fire
 w - a +2 ring of dexterity (right hand)
 z - an uncursed ring of fire
 F - an uncursed ring of positive energy
Wands
 l - a wand of polymorph (27)
 n - a wand of random effects (4)
 s - a wand of iceblast (7)
 t - a wand of digging (4)
Scrolls
 b - 3 scrolls of enchant weapon
 g - 5 scrolls of teleportation
 h - a scroll of holy word
 q - 7 scrolls of remove curse
 u - 2 scrolls of blinking
 v - 2 scrolls of immolation
 A - a scroll of amnesia
 C - 4 scrolls of identify
 D - 5 scrolls of fear
Potions
 a - a potion of magic {unknown}
 j - a potion of brilliance
 k - 2 potions of ambrosia
 o - a potion of curing
 r - 2 potions of haste
 I - 2 potions of berserk rage
Comestibles
 c - 13 rations


   Skills:
 - Level 6.4 Fighting
 - Level 7.0 Short Blades
 - Level 5.0 Dodging
 * Level 8.9 Stealth
 - Level 7.2 Spellcasting
 - Level 7.0 Necromancy


You had 21 spell levels left.
You knew the following spells:

 Your Spells              Type           Power        Failure   Level  Hunger
b - Animate Dead          Necr           N/A          11%         4    ####...

Your spell library contained the following spells:

 Spells                   Type           Power        Failure   Level  Hunger
 Animate Skeleton         Necr           N/A          1%          1    None
 Pain                     Necr           ###.         1%          1    None
 Vampiric Draining        Necr           ###.......   3%          3    ###....
 Sandblast                Erth           #.....       21%         1    None
 Summon Small Mammal      Summ           #...         21%         1    None
 Call Imp                 Summ           #.......     30%         2    ##.....
 Passwall                 Tmut/Erth      #.......     30%         2    ##.....
 Agony                    Necr           ###.....     30%         5    ######.
 Call Canine Familiar     Summ           #.......     52%         3    ###....
 Stone Arrow              Conj/Erth      #.....       52%         3    ###....
 Summon Guardian Golem    Hex/Summ       #.......     52%         3    ###....
 Petrify                  Tmut/Erth      #.......     89%         4    ####...
 Summon Ice Beast         Ice/Summ       #.......     89%         4    ####...
 Summon Lightning Spire   Summ/Air       #.......     89%         4    ####...
 Lee's Rapid Deconstruct  Erth           #.........   99%         5    ######.


Dungeon Overview and Level Annotations

Branches:
Dungeon (9/15)             Temple (0/1) D:6            Lair (2/6) D:9
Ossuary (visited)         Volcano (1/1)
  Swamp: Lair:2-4    Shoals: Lair:2-4     Snake: Lair:2-4    Spider: Lair:2-4
    Orc: D:9-12

Altars:
Ashenzari
Cheibriados
Hepliaklqana
Ru
Wu Jian

Shops:
D:9 [


Innate Abilities, Weirdness & Mutations

You have hooves in place of feet.
Armour fits poorly on your strangely shaped body.
You cover ground very quickly.
You have extremely tough skin. (AC +3)


Message History

Attack!
The ogre mage casts a spell at you. The bolt of fire hits you!!
* * * LOW HITPOINT WARNING * * *
Your hell knight zombie hits the ogre mage with a +2 flail of flaming.
Your hell knight zombie burns the ogre mage.
You feel much better. The ogre mage casts a spell at you.
The bolt of cold hits you!!
* * * LOW HITPOINT WARNING * * *
A red film seems to cover your vision as you go berserk!
You feel yourself moving faster!
You feel mighty!
Your two-headed ogre zombie completely misses the ogre mage.
Your two-headed ogre zombie barely misses the ogre mage.
The ogre mage completely misses you.
You impale the ogre mage!! You burn the ogre mage. You kick the ogre mage!!
The ogre mage is almost dead.
The ogre mage casts a spell at you. The bolt of cold hits you!
You die...

§≈§## §≈≈≈## ..≈.. $[(##
##O.$.# #O# ## ##.###
########
.#######.##.######..#...##
...Z..........##@.##.....##
..≈≈.≈.≈§....ZZO#####∩....##
≈≈§≈≈≈≈≈≈.....### #≈..∩.§#
≈§§§≈§≈≈§≈≈.....# ##≈..§§#
§§§§§§§≈§≈.....## ##≈§§##
Z≈§≈§§§§≈≈≈.....# ##☼☼#
..≈≈≈§≈§§≈§....## #☼##
...≈.§.≈.....### ###
...§.Z§.....#.## ###


You could see an ogre mage, a friendly two-headed ogre zombie and a friendly
hell knight zombie.

Vanquished Creatures
  A hydra (D:9)
  Erica (D:8)
  7 two-headed ogres
  A hell knight (Volcano)
  Sonja (Lair:1)
  A cyclops (D:8)
  A black mamba (Lair:1)
  5 spiny frogs
  A komodo dragon (Lair:2)
  A yaktaur (shapeshifter) (D:8)
  Grinder (D:3)
  2 dream sheep (D:9)
  A hippogriff (Lair:1)
  Sigmund (D:4)
  8 yaks (D:9)
  A hungry ghost (D:8)
  Menkaure (D:5)
  2 basilisks
  A soldier ant (D:8)
  5 water moccasins
  4 porcupines
  3 orc warriors
  An ice beast (D:3)
  4 phantoms
  2 ogres
  A necrophage (D:8)
  4 wolves (Lair:1)
  3 centaurs (D:9)
  A crocodile (D:9)
  4 big kobolds
  7 bullfrogs
  An elf zombie (Ossuary)
  Blork the orc (D:5)
  4 scorpions
  2 jellies
  4 killer bees (D:7)
  2 howler monkeys (D:7)
  5 wights (D:6)
  7 crimson imps
  A quasit (D:6)
  2 centaur zombies
  6 orc wizards
  2 hounds
  5 orc priests
  2 bullfrog skeletons
  2 centaur skeletons
  Jessica (D:3)
  4 iguanas
  Ijyb (D:5)
  3 worker ants
  3 big kobold zombies (Ossuary)
  2 hound zombies (Ossuary)
  A hound skeleton (D:5)
  3 mummies (Ossuary)
  2 worker ant zombies
  A howler monkey skeleton (D:4)
  14 adders
  7 gnolls
  A shadow imp (D:5)
  5 oozes
  3 adder zombies (Ossuary)
  3 worms
  An adder skeleton (D:3)
  4 dart slugs
  3 leopard geckos
  26 orcs
  8 giant cockroaches
  8 goblins
  5 hobgoblins
  10 jackals
  3 kobolds
  7 quokkas
  A ball python (D:6)
  A ball python skeleton (D:4)
  6 bats
  6 frilled lizards
  2 gnoll zombies (Ossuary)
  3 goblin zombies (Ossuary)
  A hobgoblin zombie (Ossuary)
  6 kobold zombies (Ossuary)
  A leopard gecko skeleton (D:4)
  A leopard gecko zombie (D:8)
  An orc zombie (Ossuary)
  A quokka skeleton (D:7)
  8 quokka zombies (Ossuary)
  10 rats
  4 rat zombies (Ossuary)
  A plant (D:9)
305 creatures vanquished.

Vanquished Creatures (collateral kills)
  A komodo dragon (Lair:1)
  A hippogriff (Lair:1)
  A sky beast (D:8)
  An ogre (D:4)
  A crocodile (Lair:1)
  A killer bee (D:7)
  4 wights (D:6)
  3 orc wizards
  A hound skeleton (D:4)
  A howler monkey zombie (D:9)
  A gnoll (D:5)
  2 river rats (D:6)
  An ooze (D:4)
  A worm (D:6)
  5 orcs
  A jackal (D:3)
26 creatures vanquished.

Vanquished Creatures (others)
  A slave (D:7)
1 creature vanquished.

Grand Total: 332 creatures vanquished

Notes
Turn   | Place    | Note
-------+----------+-------------------------------------------
     0 | D:1      | Birdy the Centaur Necromancer began the quest for the Orb.
     0 | D:1      | Reached XP level 1. HP: 14/14 MP: 3/3
    69 | D:1      | Reached XP level 2. HP: 6/22 MP: 0/4
   829 | D:1      | Reached skill level 1 in Fighting
   946 | D:2      | Reached XP level 3. HP: 28/28 MP: 5/5
  1483 | D:2      | Reached skill level 1 in Short Blades
  1483 | D:2      | Reached XP level 4. HP: 23/35 MP: 0/7
  1808 | D:2      | Found an ornate altar of the Wu Jian Council.
  1818 | D:2      | Became a worshipper of the Wu Jian Council
  1853 | D:2      | Learned a level 4 spell: Animate Dead
  2269 | D:3      | Noticed Jessica
  2289 | D:3      | Killed Jessica
  2340 | D:3      | Reached XP level 5. HP: 29/41 MP: 8/8
  2629 | D:3      | Noticed Grinder
  2637 | D:3      | Killed Grinder
  2637 | D:3      | Reached skill level 5 in Necromancy
  2637 | D:3      | Reached XP level 6. HP: 48/48 MP: 6/9
  2829 | D:3      | Reached * piety under Wu Jian
  2956 | D:3      | Noticed an ice beast
  2969 | D:3      | Killed an ice beast
  2990 | D:3      | Found a sacrificial altar of Ru.
  3256 | D:4      | Reached XP level 7. HP: 54/55 MP: 10/10
  3485 | D:4      | Noticed Sigmund
  3573 | D:4      | Killed Sigmund
  3730 | D:4      | Reached skill level 5 in Short Blades
  4085 | D:5      | Entered Level 5 of the Dungeon
  4140 | D:5      | Noticed Blork the orc
  4146 | D:5      | Killed Blork the orc
  4146 | D:5      | Reached XP level 8. HP: 58/61 MP: 9/11
  4322 | D:5      | Found a shattered altar of Ashenzari.
  4329 | D:5      | Noticed Menkaure
  4334 | D:5      | Killed Menkaure
  4539 | D:5      | Noticed Ijyb
  4559 | D:5      | Killed Ijyb
  4571 | D:5      | Reached ** piety under Wu Jian
  5230 | D:6      | Found a staircase to the Ecumenical Temple.
  5238 | D:6      | Found a sand-covered staircase.
  5248 | Ossuary  | Entered an ossuary
  5461 | Ossuary  | Reached *** piety under Wu Jian
  5850 | Ossuary  | Reached XP level 9. HP: 41/67 MP: 15/15
  6071 | D:6      | Reached **** piety under Wu Jian
  6092 | D:6      | Reached skill level 5 in Spellcasting
  6335 | D:6      | Got a crude chain mail
  6346 | D:6      | Identified the cursed +0 chain mail of the Everdark {+Blink
                  | Int-3 SInv} (You found it on level 6 of the Dungeon)
  7142 | D:7      | Reached skill level 2 in Stealth
  7182 | D:7      | Noticed Pikel
  7468 | D:7      | Noticed Pikel
  7468 | D:7      | Pikel changed into Pikel the howler monkey
  7475 | D:7      | Killed Pikel the howler monkey
  7971 | D:7      | Noticed Dowan
  7974 | D:7      | Noticed Duvessa
  7980 | D:7      | Noticed Duvessa
  7980 | D:7      | Duvessa changed into Duvessa the big kobold
  7981 | D:7      | Noticed Dowan
  7981 | D:7      | Dowan changed into Dowan the gnoll
  7992 | D:7      | Killed Duvessa the big kobold
  7995 | D:7      | Killed Dowan the gnoll
  8267 | D:8      | Reached skill level 3 in Stealth
  8521 | D:8      | Noticed a yaktaur
  8522 | D:8      | Killed a yaktaur
  8522 | D:8      | Reached XP level 10. HP: 67/78 MP: 18/18
  8602 | D:8      | Noticed a cyclops
  8650 | D:8      | Killed a cyclops
  8882 | D:8      | Noticed Erica
  8893 | D:8      | Killed Erica
  8893 | D:8      | Reached skill level 4 in Stealth
  9050 | D:8      | Found a hazy altar of Hepliaklqana.
  9248 | D:8      | Got a transparent rapier
  9249 | D:8      | Identified the +8 rapier of Suicidal Tendencies {flame,
                  | Str+8 Int-3} (You found it on level 8 of the Dungeon)
  9431 | D:8      | Noticed a two-headed ogre
  9465 | D:8      | Killed a two-headed ogre
  9467 | D:8      | Reached skill level 5 in Fighting
  9858 | D:9      | Reached ***** piety under Wu Jian
 10026 | D:9      | Noticed a two-headed ogre
 10030 | D:9      | Killed a two-headed ogre
 10030 | D:9      | Reached skill level 5 in Stealth
 10035 | D:9      | Noticed a two-headed ogre
 10050 | D:9      | Killed a two-headed ogre
 10050 | D:9      | Reached XP level 11. HP: 39/88 MP: 9/21
 10346 | D:9      | Noticed a three-headed hydra
 10358 | D:9      | Killed a three-headed hydra
 10441 | D:9      | Found Nicharoack's Antique Armour Shop.
 10614 | D:9      | Found a staircase to the Lair.
 10769 | D:9      | Noticed a two-headed ogre
 10777 | D:9      | Killed a two-headed ogre
 10787 | D:9      | Reached skill level 6 in Stealth
 10791 | D:9      | Reached skill level 5 in Dodging
 11049 | D:9      | Found a snail-covered altar of Cheibriados.
 11348 | D:9      | Bought a cloak for 135 gold pieces
 11348 | D:9      | Bought a bloodstained leather armour for 210 gold pieces
 11363 | D:9      | Identified the +1 leather armour of Jagaa {+Blink rN++ MR-
                  | Str+2} (You bought it in a shop on level 9 of the Dungeon)
 11454 | Lair:1   | Entered Level 1 of the Lair of Beasts
 12109 | Lair:1   | Noticed Sonja
 12123 | Lair:1   | Killed Sonja
 12123 | Lair:1   | Reached skill level 7 in Stealth
 13050 | Lair:2   | Noticed an eight-headed hydra
 13056 | Lair:2   | an eight-headed hydra changed into something unseen
 13307 | Lair:2   | Reached skill level 8 in Stealth
 13307 | Lair:2   | Reached XP level 12. HP: 57/97 MP: 12/22
 13566 | Lair:2   | Found a dark tunnel.
 13576 | Volcano  | Entered a volcano
 13674 | Volcano  | Noticed a two-headed ogre
 13683 | Volcano  | Killed a two-headed ogre
 13736 | Volcano  | Noticed a two-headed ogre
 13737 | Volcano  | Noticed a two-headed ogre
 13740 | Volcano  | Noticed an ogre mage
 13759 | Volcano  | Killed a two-headed ogre
 13764 | Volcano  | Killed a two-headed ogre
 13767 | Volcano  | HP: 4/97 [ogre mage/bolt of fire (27)]
 13771 | Volcano  | Killed from afar by an ogre mage

Levels and vault maps discovered:
D:1:      nicolae_arrival_memento_mori, layout_rooms, serial_bayou_ford_a
D:2:      layout_loops_cross, lemuel_doored_altar
D:3:      layout_basic, old_standard_altar, uniq_jessica, uniq_grinder
D:4:      layout_gridville, uniq_sigmund
D:5:      layout_basic, first_ration, evilmike_ruin_ashenzari, uniq_menkaure,
          uniq_ijyb, uniq_blork_the_orc
D:6:      layout_cave_pools, minmay_temple_entry_mist, enter_ossuary_2,
          portal_sewer_entry_c
D:7:      layout_basic, uniq_pikel, uniq_duvessa
D:8:      wad_arrow_thing, layout_loops_corners, kennysheep_mini_moat,
          uniq_erica
D:9:      layout_stronghold, marbit_many_paths, grunt_lair_entry_orc_guard_hut,
          serial_shops, shop_fountains, hangedman_ranch [blue_anna_fruit_fields]
Lair:1:   layout_cave_pods, serial_bayou_shore_b, grunt_megastairs_1,
          lemuel_fruit_tree, uniq_sonja
Lair:2:   lemuel_ratsnest, layout_regular_city, nicolae_volcano_entry_s_turn
Volcano:  volcano_pools

Skill      XL: |  1  2  3  4  5  6  7  8  9 10 11 |
---------------+----------------------------------+-----
Fighting       | 1 2 3 5 6 |  6.4
Spellcasting   | 2 4 5 6 7 |  7.2
Necromancy     | 4 5 6 7 |  7.0
Short Blades   | 1 3 5 7 |  7.0
Dodging        | 2 3 4 5 |  5.0
Stealth        | 3 5 8 |  8.9

Action                   |  1- 3 |  4- 6 |  7- 9 | 10-12 || total
-------------------------+-------+-------+-------+-------++-------
Melee: Unarmed           |     9 |       |       |       ||     9
       Dagger            |    85 |   121 |   757 |    73 ||  1036
       Kick              |    12 |    23 |   159 |    91 ||   285
       Rapier            |       |       |       |   273 ||   273
Throw: Dart              |       |       |       |     4 ||     4
 Cast: Pain              |    32 |    22 |       |       ||    54
       Animate Dead      |       |     3 |    21 |    25 ||    49
Invok: Lunge             |       |     9 |    46 |    25 ||    80
       Whirlwind         |       |       |    52 |    70 ||   122
 Abil: Wall Jump         |       |       |     1 |     4 ||     5
Evoke: Wand              |       |       |    40 |     9 ||    49
  Use: Scroll            |     7 |     4 |     6 |     3 ||    20
       Potion            |     2 |     2 |     7 |    11 ||    22
 Stab: Distracted        |       |       |     2 |       ||     2
       Paralysed         |       |       |     4 |     1 ||     5
       Sleeping          |       |       |     4 |    14 ||    18
       Invisible         |       |       |       |    11 ||    11
  Eat: Chunk             |     1 |     6 |     9 |    11 ||    27
       Ration            |       |     1 |     3 |     3 ||     7
Armor: Robe              |    44 |    29 |    90 |    14 ||   177
       Skin              |       |       |       |    20 ||    20
       Leather armour    |       |       |       |    31 ||    31
Dodge: Dodged            |    72 |    64 |   366 |   157 ||   659

Table legend:
 A = Non-vault XP
 B = Vault XP
 C = Vault XP percentage of total XP
 D = Non-vault monster count
 E = Vault monster count
 F = Vault count percentage of total count
                 A         B        C        D         E       F
            +---------+---------+-------+---------+---------+-------
      Total |   13894 |   12362 |  47.1 |     244 |      86 |  26.1
            +---------+---------+-------+---------+---------+-------
        D:1 |      36 |       0 |   0.0 |      16 |       0 |   0.0
        D:2 |     100 |       0 |   0.0 |      24 |       0 |   0.0
        D:3 |     251 |     324 |  56.3 |      26 |       2 |   7.1
        D:4 |     412 |     217 |  34.5 |      17 |       1 |   5.6
        D:5 |     355 |     293 |  45.2 |      23 |       3 |  11.5
        D:6 |    1175 |      27 |   2.2 |      36 |       8 |  18.2
        D:7 |    1227 |     168 |  12.0 |      33 |       3 |   8.3
        D:8 |     565 |    3463 |  86.0 |      12 |      11 |  47.8
        D:9 |    4974 |    2593 |  34.3 |      35 |      12 |  25.5
     Lair:1 |    3762 |    1521 |  28.8 |      18 |       4 |  18.2
     Lair:2 |    1037 |       0 |   0.0 |       4 |       0 |   0.0
    Ossuary |       0 |     350 | 100.0 |       0 |      38 | 100.0
    Volcano |       0 |    3406 | 100.0 |       0 |       4 | 100.0
            +---------+---------+-------+---------+---------+-------
